 Dungeon Crawl Stone Soup version 0.30-b1-5-g8e6c1be481 (webtiles) character file.

Game seed: 1684917108461189508

60160 croobank the Nimble (level 14, -15/66 HPs)
             Began as a Felid Summoner on May 3, 2023.
             Was an Initiate of Gozag.
             Killed by an exploding themself (34 damage)
             ... ignited by their inner flame
             ... on level 1 of the Spider Nest.
             The game lasted 03:25:21 (35114 turns).

croobank the Nimble (Felid Summoner)               Turns: 35114, Time: 03:25:21

Health: -15/66     AC:  3    Str:  4    XL:     14   Next: 55%
Magic:  8/31       EV: 28    Int: 26    God:    Gozag
Gold:   5090       SH:  5    Dex: 18    Spells: 1/37 levels left
                                        Lives:  0   Deaths: 4

rFire   . .          .
                       - Unarmed
rCold   + . .        (shield unavailable)
rNeg    . . .        (body armour unavailable)
rPois   .            (helmet unavailable)
rElec   .            (cloak unavailable)
rCorr   .            (gloves unavailable)
SInv    +            (boots unavailable)
Will    +++..        Q - amulet of reflection
Stlth   ++           J - ring of willpower
HPRegen 0.31/turn    O - +6 ring of intelligence
MPRegen 0.22/turn

%: reflection
@: studying Unarmed Combat, quick
A: very small, claws 1, fangs 3, see invisible, speed 1, shaggy fur 3, stealthy
paws, no weapons or thrown items, no armour, multi-lived
a: Renounce Religion, Potion Petition, Call Merchant, Bribe Branch


You were on level 1 of the Spider Nest.
You worshipped Gozag.
Gozag was greatly pleased with you.
You visited 5 branches of the dungeon, and saw 24 of its levels.

You collected 7534 gold pieces.
You spent 1881 gold pieces at shops.
You paid 563 gold pieces to Gozag.

Inventory:

Jewellery
 b - a ring of resist corrosion
 c - a ring of ice
 d - an amulet of magic regeneration
 i - a ring of positive energy
 x - a +4 ring of protection
 H - a ring of poison resistance
 J - a ring of willpower (left paw)
 O - a +6 ring of intelligence (right paw)
 P - the amulet of Ybyo {+Inv rF+ rC+ Regen+}
   (You bought it in a shop on level 1 of the Orcish Mines)

   [amulet of regeneration]

   rF:        It protects you from fire.
   rC:        It protects you from cold.
   +Inv:      It lets you turn invisible.
   Regen:     It increases your rate of health regeneration.
 Q - an amulet of reflection (around neck)
 U - a ring of ice
Wands
 a - a wand of polymorph (37)
 j - a wand of flame (7)
 p - a wand of mindburst (38)
 r - a wand of digging (9)
 y - a wand of charming (12)
 G - a wand of acid (5)
 M - a wand of roots (4)
Scrolls
 e - a scroll of vulnerability
 h - 9 scrolls of identify
 l - a scroll of immolation
 n - 3 scrolls of amnesia
 q - 3 scrolls of poison
 t - 4 scrolls of magic mapping
 u - 4 scrolls of fog
 z - 5 scrolls of torment
 D - 2 scrolls of blinking
 I - 8 scrolls of teleportation
 T - 2 scrolls of fear
Potions
 f - a potion of cancellation
 g - 4 potions of flight
 k - 5 potions of curing
 m - 2 potions of heal wounds
 o - a potion of brilliance
 s - a potion of resistance
 v - a potion of lignification
 w - 2 potions of attraction
 A - 4 potions of mutation
 B - a potion of might
 K - 3 potions of invisibility
 L - a potion of ambrosia
 R - 4 potions of haste
 V - a potion of berserk rage
Miscellaneous
 C - a piece from Xom's chessboard (15/15)
 F - a phial of floods
 N - a condenser vane


   Skills:
 - Level 10.9 Fighting
 - Level 14.2 Dodging
 - Level 2.6 Stealth
 + Level 9.0 Unarmed Combat
 + Level 12.4 Spellcasting
 - Level 7.0 Hexes
 - Level 12.7 Summonings
 - Level 7.0 Translocations
 * Level 12.0 Transmutations
 + Level 10.1 Air Magic


You had one spell level left.
You knew the following spells:

 Your Spells              Type           Power      Damage    Failure   Level
a - Summon Small Mammal   Summ           100%       N/A       1%          1
b - Call Imp              Summ           100%       N/A       1%          2
c - Call Canine Familiar  Summ           70%        N/A       1%          3
d - Summon Guardian Gole  Hex/Summ       61%        N/A       1%          3
e - Summon Lightning Spi  Summ/Air       66%        N/A       1%          4
f - Summon Mana Viper     Hex/Summ       61%        N/A       1%          5
g - Summon Forest         Summ/Tloc      30%        N/A       1%          5
h - Poisonous Vapours     Pois/Air       84%        N/A       1%          2
i - Storm Form            Tmut/Air       32%        N/A       32%         7
j - Iskenderun's Mystic   Conj/Tloc      34%        2d8       9%          4

Your spell library contained the following spells:

 Spells                   Type           Power      Damage    Failure   Level
 Apportation              Tloc           100%       N/A       1%          1
 Slow                     Hex            100%       N/A       1%          1
 Sting                    Tmut/Pois      100%       1d8       1%          1
 Freeze                   Ice            64%        1d7       3%          1
 Kiss of Death            Conj/Necr      64%        2d10      3%          1
 Magic Dart               Conj           64%        1d6       3%          1
 Ensorcelled Hibernation  Hex/Ice        68%        N/A       1%          2
 Confusing Touch          Hex            51%        N/A       1%          3
 Spider Form              Tmut/Pois      47%        N/A       1%          3
 Tukima's Dance           Hex            51%        N/A       1%          3
 Passage of Golubria      Tloc           51%        N/A       1%          4
 Blade Hands              Tmut           34%        N/A       1%          5
 Yara's Violent Unravell  Hex/Tmut       30%        3d13      1%          5
 Inner Flame              Hex/Fire       34%        N/A       2%          3
 Mephitic Cloud           Conj/Pois/Air  33%        N/A       2%          3
 Volatile Blastmotes      Fire/Tloc      68%        2d15      2%          3
 Summon Ice Beast         Ice/Summ       49%        N/A       2%          4
 Petrify                  Tmut/Erth      47%        N/A       3%          4
 Searing Ray              Conj           32%        2d5       5%          2
 Anguish                  Hex/Necr       17%        N/A       9%          4
 Fulminant Prism          Conj/Hex       17%        3d10      9%          4
 Alistair's Intoxication  Tmut/Pois      31%        N/A       9%          5
 Irradiate                Conj/Tmut      23%        3d19      9%          5
 Frozen Ramparts          Ice            32%        1d5       11%         3
 Hailstorm                Conj/Ice       16%        3d6       11%         3
 Ozocubu's Armour         Ice            16%        N/A       11%         3
 Vampiric Draining        Necr           16%        2d7       11%         3
 Monstrous Menagerie      Summ           35%        N/A       17%         7
 Summon Hydra             Summ           35%        N/A       17%         7
 Metabolic Englaciation   Hex/Ice        17%        N/A       24%         5
 Freezing Cloud           Conj/Ice/Air   16%        6-21      26%         5
 Dispel Undead            Necr           16%        3d10      34%         4
 Sticky Flame             Conj/Fire      16%        2d4       34%         4
 Eringya's Noxious Bog    Tmut/Pois      23%        N/A       43%         6
 Statue Form              Tmut/Erth      31%        N/A       43%         6
 Lee's Rapid Deconstruct  Erth           8%         3d7*      69%         5
 Enfeeble                 Hex            25%        N/A       86%         7
 Spellforged Servitor     Conj/Summ      24%        N/A       92%         7
 Orb of Destruction       Conj           8%         9d6       100%        7
 Ozocubu's Refrigeration  Ice            8%         4d9       100%        7
 Necromutation            Tmut/Necr      23%        N/A       100%        8
 Portal Projectile        Hex/Tloc       Unusable   N/A       N/A         3

Dungeon Overview and Level Annotations

Branches:
Dungeon (15/15)            Temple (1/1) D:4            Lair (5/5) D:9
  Swamp (0/4) Lair:2       Spider (1/4) Lair:2        Slime (0/5) Lair:5
    Orc (2/2) D:10            Elf (0/3) Orc:2        Vaults (0/5) D:14
 Depths (0/4) D:15

Altars:
Ashenzari
Cheibriados
Dithmenos
Elyvilon
Fedhas
Gozag
Hepliaklqana
Kikubaaqudgha
Makhleb
Nemelex Xobeh
Okawaru
Qazlal
Ru
Sif Muna
Trog
Uskayaw
Vehumet
Wu Jian
Xom
Yredelemnul
Zin
The Shining One
Jiyva
Lugonu

Shops:
D:3 [   Orc:1 =   Orc:2 :(=[*[((=

Portals:
Abyss: Lair:5

Annotations:
D:11 1 runed translucent door, exclusion: downstairs, Onakli's ghost, journeyman DsFi


Innate Abilities, Weirdness & Mutations

You have sharp claws.
You have razor-sharp teeth.
You have supernaturally acute eyesight. (SInv)
You cover ground quickly. (Speed+)
Your thick and shaggy fur keeps you warm. (AC +3, rC+)
Your paws help you pounce on unaware monsters.
You are incapable of wielding weapons or throwing items.
You cannot wear armour.
You gain extra lives every three experience levels.


Message History

Confirm with . or Enter, or press ? or * to list all spells.
You can't see any susceptible monsters within range! (Use Z to cast anyway.)
Casting: Summon Mana Viper (dangerous; 1% risk of failure)
Confirm with . or Enter, or press ? or * to list all spells.
You don't have enough magic to cast this spell.
The demonic crawler hits your guardian golem.
The demonic crawler hits your guardian golem!
The demonic crawler hits your guardian golem but does no damage.
The demonic crawler attacks as you move away!
The demonic crawler closely misses you. The demonic crawler misses you.
The demonic crawler hits you!
* * * LOW HITPOINT WARNING * * *
Your mana viper bites the demonic crawler!!
Space becomes stable.
Okay, then.
Blink to where?
Press: ? - help, Dir - move target
As you read the scroll of blinking, it crumbles to dust.
Your guardian golem overheats!
The demonic crawler misses your mana viper.
The demonic crawler hits your mana viper but does no damage.
The demonic crawler misses your mana viper.
As you read the scroll of fear, it crumbles to dust.
You assume a fearsome visage.
The demonic crawler easily resists.
The demonic crawler looks frightened!
Your mana viper barely misses the demonic crawler.
The demonic crawler hits your mana viper!
Flame seeps out of your guardian golem.
The demonic crawler barely misses your mana viper. x2
Your guardian golem is engulfed in blazing flames.
Flame seeps out of your guardian golem.
Your mana viper bites the demonic crawler.
The demonic crawler hits your mana viper!
Your guardian golem disappears in a puff of smoke!
Your guardian golem explodes!
The fiery explosion engulfs your mana viper!!!
The fiery explosion engulfs you!!
Ouch! That really hurt!
You die...
Your body crumbles into a pile of gold.

## #♣........###
.^## ♣........>..#
..# ♣#...........#
#.## ♣#......^.....#
#§#♣
♣♣.............#
##s##
#..#.......^..##
##S###..#........###
#§§○..##........#
##.@..s.....♣...#
###............#
####........##
##......## ##.....#
#....## ######....#
#........##
#........#


You could see 2 demonic crawlers and a friendly mana viper (summoned,
sheltered).

Vanquished Creatures
  Jorgrun (D:13)
  Josephine (D:12)
  A centaur warrior (D:13)
  2 catoblepae
  3 boulder beetles
  An orc high priest (Orc:2)
  A thrashing horror (Lair:5)
  Urug (Lair:2)
  Nergalle (D:10)
  A pharaoh ant (Spider:1)
  3 skeletal warriors (D:14)
  2 orb spiders (Spider:1)
  An orc knight (Orc:2)
  2 orc sorcerers
  An ugly thing (Lair:5)
  A manticore (D:13)
  A cyclops (D:13)
  A demonic crawler (Spider:1)
  An orange demon (D:14)
  A torpor snail (Spider:1)
  A rime drake (Lair:5)
  2 tarantellas (Spider:1)
  5 blink frogs
  12 jumping spiders
  5 culicivoras
  5 yaks
  Eustachio (D:4)
  A vampire mosquito (D:14)
  3 hogs (Spider:1)
  2 basilisks (Lair:5)
  4 redbacks (Spider:1)
  5 orc warriors
  2 ogres
  4 centaurs (D:13)
  2 wolves
  A gnoll sergeant (D:8)
  A bullfrog (Lair:2)
  A howler monkey (D:8)
  An electric eel (Lair:3)
  3 orc priests
  A sleepcap (D:6)
  An orc wizard (D:3)
  A gnoll (D:11)
  An adder (D:5)
  10 orcs
  An endoplasm (D:3)
  A quokka (D:4)
  2 kobolds (D:4)
  A butterfly (Lair:2)
107 creatures vanquished.

Vanquished Creatures (collateral kills)
  Rupert (D:12)
  Frances (D:12)
  Gastronok (Lair:3)
  Kirke (Spider:1)
  Louise (Spider:1)
  A ghost moth (Spider:1)
  A stone giant (D:15)
  A rakshasa (D:13)
  Erolcha (D:13)
  9 centaur warriors
  An ogre mage (D:13)
  A catoblepas (Lair:5)
  Erica (D:8)
  A two-headed ogre (D:10)
  A boulder beetle (D:11)
  A death knight (D:15)
  A tengu warrior (D:15)
  A thrashing horror (Lair:5)
  An orc high priest (Orc:2)
  5 skeletal warriors
  Amaemon (Lair:3)
  2 skysharks
  A sun moth (Spider:1)
  A pharaoh ant (Spider:1)
  2 orb spiders (Spider:1)
  A large abomination (Lair:5)
  A phantasmal warrior (D:15)
  A bog body (Lair:2)
  3 orc knights (Orc:2)
  3 deep elf pyromancers
  2 wizards (D:15)
  4 orc sorcerers
  A wolf spider (Spider:1)
  5 ugly things
  A manticore (D:11)
  3 cyclopes
  A shining eye (shapeshifter) (Lair:5)
  2 vault sentinels (D:7)
  A moth of wrath (shapeshifter) (D:15)
  Maurice (D:8)
  10 elephants (Lair:5)
  A black mamba (Lair:5)
  2 smoke demons (Lair:5)
  A torpor snail (Lair:5)
  A gargoyle (D:13)
  2 demonic crawlers (Spider:1)
  10 cane toads
  4 orange demons
  An unseen horror (D:13)
  Psyche (D:9)
  A rime drake (Lair:1)
  2 komodo dragons
  An ancient zyme (Lair:5)
  A meliai (D:14)
  Prince Ribbit (Lair:3)
  30 blink frogs
  A blink frog (shapeshifter) (D:13)
  2 trolls
  A jumping spider (shapeshifter) (Lair:5)
  3 jumping spiders (Spider:1)
  7 wyverns
  5 slime creatures
  Grum (D:9)
  26 yaks
  3 culicivoras
  4 wraiths
  2 chaos spawn (Lair:5)
  A steam dragon (D:9)
  3 basilisks
  6 redbacks
  4 vampire mosquitoes
  A warg (D:15)
  An acid dragon (D:13)
  13 water moccasins
  18 orc warriors
  2 black bears
  7 ogres
  10 wolves
  4 centaurs
  A nameless horror (D:9)
  3 phantoms
  3 kobold brigands
  3 gnoll sergeants
  7 bullfrogs
  6 scorpions
  3 wights (D:8)
  5 howler monkeys
  12 small abominations (Lair:5)
  7 jellies
  21 orc priests
  2 hounds
  A gnoll bouda (D:5)
  Natasha (D:4)
  2 iguanas
  22 orc wizards
  18 gnolls
  10 adders
  A shadow imp (D:8)
  A white imp (D:6)
  2 worms
  75 orcs
  6 ball pythons
  4 endoplasms
  5 giant cockroaches
  6 goblins
  3 hobgoblins
  4 jackals
  16 kobolds
  A quokka (D:1)
  4 frilled lizards
  8 rats
  2 butterflies
528 creatures vanquished.

Vanquished Creatures (others)
  A vault guard (D:14)
  A two-headed ogre (D:13)
  A satyr (shapeshifter) (Lair:5)
  A thrashing horror (Lair:5)
  An orc high priest (Orc:2)
  4 skeletal warriors
  Pikel (D:6)
  2 orc knights
  2 manticores (D:14)
  A gargoyle (D:12)
  A cane toad (Lair:3)
  Maggie (D:8)
  A komodo dragon (Lair:3)
  An ancient zyme (Lair:5)
  A blink frog (Lair:3)
  Grinder (D:6)
  A slime creature (D:13)
  A ynoxinul (Lair:5)
  2 wraiths (D:12)
  10 yaks
  4 humans (Spider:1)
  A basilisk (Lair:5)
  A redback (Spider:1)
  2 water moccasins
  A sky beast (D:8)
  An ice beast (D:6)
  2 black bears
  An ogre (Orc:1)
  2 wolves
  A centaur (D:9)
  A small abomination (Lair:5)
  A bullfrog (Lair:3)
  2 wights (D:8)
  An orc priest (D:10)
  A jelly (Lair:5)
  2 orc wizards
  3 gnolls
  A worm (D:4)
  3 orcs
  62 fungi
  73 plants
  7 snaplasher vines
208 creatures vanquished.

Grand Total: 843 creatures vanquished

Notes
Turn   | Place    | Note
-------+----------+-------------------------------------------
     0 | D:1      | croobank the Felid Summoner began the quest for the Orb.
     0 | D:1      | Reached XP level 1. HP: 7/7 MP: 4/4
   510 | D:1      | Reached skill level 3 in Dodging
   753 | D:1      | Reached XP level 2. HP: 12/12 MP: 1/6
   756 | D:1      | Learned a level 2 spell: Call Imp
  1284 | D:2      | Reached skill level 1 in Fighting
  1491 | D:2      | Reached XP level 3. HP: 15/15 MP: 2/7
  1495 | D:2      | Learned a level 3 spell: Call Canine Familiar
  1925 | D:2      | Reached XP level 4. HP: 19/19 MP: 1/8
  2362 | D:3      | Found Gaasukh's Antique Armour Shop.
  2533 | D:3      | Killed from afar by an orc priest
  2534 | D:3      | Reached XP level 3. HP: -1/24 MP: 0/7
  2534 | D:3      | Reached skill level 4 in Dodging
  2534 | D:3      | Reached skill level 1 in Hexes
  2534 | D:3      | You fall into a shaft and drop 1 floor!
  2615 | D:4      | Reached XP level 4. HP: 19/19 MP: 4/9
  2682 | D:4      | Identified the +2 leather armour of Pride {Int+4}
  2946 | D:4      | Noticed a phantom
  3174 | D:3      | Reached XP level 5. HP: 17/22 MP: 5/10
  3744 | D:3      | Learned a level 3 spell: Summon Guardian Golem
  3873 | D:4      | Noticed a black bear
  3908 | D:4      | Noticed Eustachio
  4116 | D:4      | Killed Eustachio
  4117 | D:4      | Reached skill level 5 in Dodging
  4117 | D:4      | Reached skill level 5 in Summonings
  4117 | D:4      | Gained mutation: You are covered in thick fur. (AC +2)
                  | [Felid growth]
  4117 | D:4      | Reached XP level 6. HP: 21/27 MP: 2/12
  4432 | D:4      | Found a staircase to the Ecumenical Temple.
  4458 | D:4      | Reached XP level 7. HP: 31/31 MP: 3/13
  4534 | Temple   | Entered the Ecumenical Temple
  4607 | Temple   | Became a worshipper of Gozag Ym Sagoz the Greedy
  4967 | D:4      | Noticed Natasha
  4980 | D:4      | Killed Natasha
  5217 | D:5      | Entered Level 5 of the Dungeon
  5466 | D:5      | Learned a level 4 spell: Summon Lightning Spire
  5859 | D:4      | Reached skill level 1 in Air Magic
  6183 | D:5      | Reached skill level 6 in Dodging
  6396 | D:5      | Reached XP level 8. HP: 36/36 MP: 4/15
  6880 | D:6      | Noticed Grinder
  6939 | D:6      | Reached skill level 5 in Hexes
  7502 | D:6      | Noticed Pikel
  7508 | D:6      | Killed Grinder
  7526 | D:6      | Killed Pikel
  7527 | D:6      | Reached skill level 5 in Fighting
  7527 | D:6      | Reached skill level 7 in Dodging
  7527 | D:6      | Reached skill level 5 in Spellcasting
  7932 | D:6      | Reached XP level 9. HP: 40/40 MP: 2/17
  8283 | D:6      | Found a bloodstained altar of Trog.
  9008 | D:7      | Learned a level 2 spell: Poisonous Vapours
  9260 | D:7      | Noticed a vault sentinel
  9260 | D:7      | Noticed a vault sentinel
  9985 | D:7      | Killed a vault sentinel
  9986 | D:7      | Reached skill level 8 in Dodging
 10002 | D:7      | Killed a vault sentinel
 10070 | D:7      | Found the +18 shield of the Gong {Loud rN+ Will+ rCorr
                  | EV-5}
 10117 | D:8      | Noticed Maurice
 10152 | D:8      | Killed Maurice
 10153 | D:8      | Reached XP level 10. HP: 18/46 MP: 3/20
 10265 | D:8      | Noticed Maggie
 10286 | D:8      | Killed Maggie
 10287 | D:8      | Reached skill level 9 in Dodging
 11035 | D:8      | Identified the +4 rapier "Kebel" {flame, Will+}
 11049 | D:8      | Reached skill level 5 in Air Magic
 11224 | D:8      | Found a white marble altar of Elyvilon.
 11551 | D:8      | Noticed Erica
 11601 | D:8      | Killed Erica
 12005 | D:9      | Noticed Grum
 12025 | D:9      | Killed Grum
 12266 | D:9      | Found a staircase to the Lair.
 12711 | D:9      | Noticed Psyche
 12720 | D:9      | Learned a level 5 spell: Summon Mana Viper
 12833 | D:9      | Killed Psyche
 12834 | D:9      | Reached skill level 10 in Dodging
 13074 | D:10     | Entered Level 10 of the Dungeon
 13160 | D:10     | Found a burning altar of Makhleb.
 13161 | D:10     | Found a blossoming altar of Fedhas.
 13317 | D:10     | Found a staircase to the Orcish Mines.
 13471 | D:10     | Noticed a two-headed ogre
 13476 | D:10     | Noticed Nergalle
 13505 | D:10     | Killed a two-headed ogre
 13506 | D:10     | Reached XP level 11. HP: 48/50 MP: 3/22
 13690 | D:10     | Killed Nergalle
 14058 | D:11     | Found a runed translucent door.
 14059 | D:11     | Found a shimmering altar of Xom.
 14059 | D:11     | Noticed Onakli's ghost (journeyman DsFi)
 14059 | D:11     | Noticed a +1 halberd of chaos
 14081 | D:11     | Found a transporter.
 14083 | D:11     | Noticed an orc sorcerer
 14093 | D:11     | Noticed a boulder beetle
 14112 | D:11     | Killed a boulder beetle
 14121 | D:11     | Noticed a tengu warrior
 14138 | D:11     | Noticed a boulder beetle
 14139 | D:11     | Found a transporter.
 14142 | D:11     | Found a shadowy altar of Dithmenos.
 14156 | D:11     | Killed a boulder beetle
 14322 | D:11     | Reached skill level 11 in Dodging
 14843 | D:11     | Identified the +5 falchion of the Ecumenical Temple {drain,
                  | *Rage Str+9}
 15061 | D:12     | Noticed Rupert
 15126 | Lair:1   | Entered Level 1 of the Lair of Beasts
 16394 | Lair:2   | Identified a scroll of acquirement
 16395 | Lair:2   | Acquired croobank's Dissertation on Wildfire and
                  | Transformation
 16404 | Lair:2   | Gained mutation: Your thick and shaggy fur keeps you warm.
                  | (AC +3, rC+) [Felid growth]
 16404 | Lair:2   | Reached XP level 12. HP: 56/56 MP: 19/25
 16442 | Lair:2   | Reached skill level 10 in Summonings
 16584 | Lair:1   | Reached skill level 12 in Dodging
 17042 | Lair:2   | Found a staircase to the Swamp.
 17071 | Lair:2   | Found a hole to the Spider Nest.
 17234 | Lair:3   | Noticed Urug
 17246 | Lair:2   | Hit by a silver javelin thrown by Urug
 17247 | Lair:2   | Reached XP level 11. HP: -1/53 MP: 21/24
 17269 | Lair:2   | Killed Urug
 17558 | Lair:3   | Noticed Gastronok
 17572 | Lair:3   | Killed Gastronok
 17627 | Lair:3   | Noticed a catoblepas
 17649 | Lair:3   | Killed a catoblepas
 17661 | Lair:3   | Noticed Prince Ribbit
 17677 | Lair:3   | Killed Prince Ribbit
 17715 | Lair:3   | Noticed Amaemon
 17729 | Lair:3   | Killed Amaemon
 17917 | Lair:3   | Reached XP level 12. HP: 58/58 MP: 6/26
 18085 | Lair:3   | Found a basalt altar of Yredelemnul.
 18125 | Lair:3   | Reached skill level 13 in Dodging
 18460 | Lair:3   | Reached skill level 10 in Fighting
 19169 | Lair:3   | Learned a level 5 spell: Summon Forest
 20390 | Lair:5   | Entered Level 5 of the Lair of Beasts
 20402 | Lair:5   | Reached skill level 1 in Translocations
 20813 | Lair:5   | Reached XP level 13. HP: 34/62 MP: 20/27
 21163 | Lair:5   | Reached skill level 5 in Translocations
 21178 | Lair:5   | Reached skill level 10 in Spellcasting
 21290 | Lair:5   | Reached skill level 14 in Dodging
 21853 | Lair:5   | Learned a level 7 spell: Storm Form
 21954 | Lair:5   | Reached skill level 1 in Transmutations
 22003 | Lair:5   | Noticed a spark wasp
 22004 | Lair:5   | a spark wasp changed into a satyr
 22081 | Lair:5   | Killed by an exploding themself... ignited by their inner
                  | flame
 22082 | Lair:5   | Reached XP level 12. HP: -2/59 MP: 15/27
 22556 | Lair:5   | Found a one-way gate to the infinite horrors of the Abyss.
 22557 | Lair:5   | Found a corrupted altar of Lugonu.
 22931 | Lair:5   | Found a staircase to the Slime Pits.
 22932 | Lair:5   | Noticed a catoblepas
 22960 | Lair:5   | Killed a catoblepas
 23125 | Lair:5   | Reached XP level 13. HP: 56/63 MP: 17/28
 23485 | Lair:5   | Found a viscous altar of Jiyva.
 23839 | Orc:1    | Entered Level 1 of the Orcish Mines
 24037 | Orc:1    | Reached skill level 5 in Transmutations
 24222 | Orc:1    | Found Xoihis's Jewellery Shoppe.
 24231 | Orc:1    | Bought a +6 ring of intelligence for 468 gold pieces
 24231 | Orc:1    | Bought the amulet of Ybyo {+Inv rF+ rC+ Regen+} for 754
                  | gold pieces
 24508 | Orc:2    | Entered Level 2 of the Orcish Mines
 24508 | Orc:2    | Found Feteiff's Antique Weapon Boutique.
 24739 | Orc:2    | Found Axkorph's Assorted Antiques.
 24772 | Orc:2    | Bought a twisted ivory ring for 115 gold pieces
 24772 | Orc:2    | Bought a potion of heal wounds for 115 gold pieces
 24772 | Orc:2    | Bought a scroll of teleportation for 69 gold pieces
 25731 | Orc:2    | Found Nysim's Antique Weapon Emporium.
 25731 | Orc:2    | Found Utucsam's Book Boutique.
 25733 | Orc:2    | Found Vaeji's Antique Armour Emporium.
 25733 | Orc:2    | Found Othoich's Jewellery Boutique.
 25743 | Orc:2    | Bought an amulet of reflection for 360 gold pieces
 25813 | Orc:2    | Found Vec Bigro's Jewellery Emporium.
 26137 | Orc:2    | Found a staircase to the Elven Halls.
 26363 | Orc:2    | Found Haosamm's Armour Boutique.
 26416 | Orc:2    | Found Deloex's Weapon Boutique.
 26611 | D:11     | Identified the amulet of Vanity {Faith Str+8 Dex+3 Slay-2}
 27073 | D:12     | Killed Rupert
 27074 | D:12     | Reached skill level 1 in Unarmed Combat
 27325 | D:12     | Noticed Josephine
 27337 | D:12     | Killed Josephine
 27577 | D:12     | Noticed Frances
 27601 | D:12     | Killed Frances
 27918 | D:12     | Identified the +7 arbalest of Zunur {drain, rElec Str-4
                  | Stlth+}
 28379 | D:13     | Noticed Jorgrun
 28384 | D:13     | Killed Jorgrun
 28833 | D:13     | Reached XP level 14. HP: 59/66 MP: 19/30
 29193 | D:13     | Noticed Erolcha
 29203 | D:13     | Killed Erolcha
 29678 | D:13     | Reached skill level 5 in Unarmed Combat
 30765 | D:14     | Reached skill level 10 in Transmutations
 31062 | D:14     | Found a gate to the Vaults.
 31445 | D:14     | Found an ornate altar of the Wu Jian Council.
 31499 | D:14     | Shot with an arrow by a centaur warrior
 31500 | D:14     | Reached XP level 13. HP: 0/63 MP: 6/29
 31821 | D:15     | Entered Level 15 of the Dungeon
 32116 | D:15     | Found a radiant altar of Vehumet.
 32647 | D:15     | Reached XP level 14. HP: 66/66 MP: 13/31
 33015 | D:15     | Found a staircase to the Depths.
 33015 | D:15     | Noticed a stone giant
 33039 | D:15     | Killed a stone giant
 33444 | Lair:2   | Learned a level 4 spell: Iskenderun's Mystic Blast
 33446 | Spider:1 | Entered Level 1 of the Spider Nest
 33661 | Spider:1 | Noticed a ghost moth
 33668 | Spider:1 | Killed a ghost moth
 33705 | Spider:1 | Noticed Kirke
 33718 | Spider:1 | Killed Kirke
 34337 | Spider:1 | Noticed Louise
 34350 | Spider:1 | Killed Louise
 34351 | Spider:1 | Reached skill level 10 in Air Magic
 35114 | Spider:1 | Killed by an exploding themself... ignited by their inner
                  | flame

Illustrated notes

Levels and vault maps discovered:
D:1:      matt_arrival_refuge, layout_loops_ring, nicolae_hexahallways,
          grunt_decor_resistance, st_stairs_3, minmay_pentomino_u4
D:2:      layout_rooms, nicolae_concentric_dashed_squares_mild
D:3:      layout_loops_ring, serial_shops, shop, wad_orctagon
D:4:      layout_basic, minmay_temple_entry_arrows, uniq_eustachio, uniq_natasha
D:5:      layout_basic
D:6:      layout_loops_ring, bloody_trog, uniq_pikel, uniq_grinder
D:7:      layout_loops_corners, hellmonk_guarded_unrand_gong
D:8:      layout_layer_cave, lemuel_tele_altar, uniq_maggie, uniq_maurice,
          uniq_erica
D:9:      layout_big_octagon, lair_entry_dummy, nicolae_benzene_ring,
          kennysheep_decorative_pillar, minmay_misc_feat_alley, uniq_psyche,
          uniq_grum
D:10:     layout_long_grid, chequers_temple_overflow_statue_of_worship,
          david_orc_3, uniq_nergalle
D:11:     gammafunk_sealed_arena, layout_gridville, ebering_ghost_xom,
          dk_noncrumbling_4, grunt_dithmenos_smoke_and_mirrors
D:12:     layout_roguey, uniq_frances, uniq_josephine, uniq_rupert
D:13:     layout_basic, uniq_erolcha, uniq_jorgrun
D:14:     layout_gridville, david_vaults_5, nicolae_wu_jian_wuxing_cycle,
          einodemon_barbed_minivault
D:15:     grunt_enter_depths_giant_problem, layout_rooms,
          nicolae_vehumet_altar_sigil
Temple:   regret_index_temple_chain_breaker
Lair:1:   layout_regular_city
Lair:2:   layout_long_grid, skrybe_swamp_entry_bodies,
          nicolae_spider_entry_tight_spaces, lemuel_fruit_fields
Lair:3:   layout_regular_city, basic_altar, nicolae_quartered_pool_super,
          beast_lair_carwin_3, lemuel_fruit_fields, infiniplex_staircase_pool,
          uniq_amaemon, uniq_prince_ribbit2, uniq_urug, uniq_gastronok
Lair:4:   layout_small_grid
Lair:5:   hellmonk_lair_end_abyssal_woods, layout_layer_cave,
          nicolae_slime_entry_field_trip
Spider:1: layout_cave_pods, worms_lemuel, uniq_kirke, uniq_louise
Orc:1:    layout_caves, basic_altar, serial_shops, shop
Orc:2:    grunt_orc_tribal_feast, layout_caves, serial_shops,
          nicolae_shop_dealshenge, nicolae_shop_real_fake_doors,
          nicolae_shop_tiny_glass, nicolae_shop_trees,
          nicolae_shop_tiny_statue_garden, rock_pile

Skill      XL: |  1  2  3  4  5  6  7  8  9 10 11 12 13 14 |
---------------+-------------------------------------------+-----
Dodging        | 3 4 5 6 7 8 10 11 13 14 | 14.2
Fighting       | 1 2 3 4 5 6 7 8 10 | 10.9
Hexes          | 1 2 3 4 5 6 7 |  7.0
Spellcasting   | 3 4 5 6 7 9 12 | 12.4
Summonings     | 5 6 7 8 11 12 | 12.7
Air Magic      | 1 3 4 6 7 8 10 | 10.1
Translocations | 4 7 |  7.0
Transmutations | 4 8 12 | 12.0
Unarmed Combat | 7 9 |  9.0
Stealth        | |  2.6

Action                     |  1- 3 |  4- 6 |  7- 9 | 10-12 | 13-15 || total
---------------------------+-------+-------+-------+-------+-------++-------
  Melee: Unarmed           |       |    33 |    32 |    46 |    97 ||   208
         Punch             |       |     2 |     1 |       |     6 ||     9
         Bite              |       |     2 |     6 |     6 |     3 ||    17
   Cast: Summon Small Mamm |    32 |    19 |    29 |    40 |    46 ||   166
         Call Imp          |    11 |    19 |    29 |    21 |    38 ||   118
         Call Canine Famil |     8 |    22 |    33 |    64 |    56 ||   183
         Summon Guardian G |       |     4 |    16 |    50 |    57 ||   127
         Summon Lightning  |       |       |    11 |   105 |    88 ||   204
         Poisonous Vapours |       |       |     3 |   152 |   195 ||   350
         Summon Mana Viper |       |       |       |    29 |    46 ||    75
         Summon Forest     |       |       |       |     8 |    36 ||    44
         Storm Form        |       |       |       |       |     7 ||     7
         Iskenderun's Myst |       |       |       |       |     6 ||     6
 Invoke: Potion Petition   |       |       |     1 |       |       ||     1
  Evoke: Wand              |       |       |     1 |     5 |     4 ||    10
    Use: Scroll            |       |    11 |     4 |    13 |     8 ||    36
         Potion            |       |     7 |     2 |     1 |     5 ||    15
   Stab: Invisible         |       |     3 |       |       |       ||     3
         Sleeping          |       |     1 |       |     1 |       ||     2
         Distracted        |       |       |     1 |     3 |     3 ||     7
         Petrified         |       |       |       |     2 |       ||     2
         Betrayed ally     |       |       |       |       |     1 ||     1
 Armour: Skin              |       |     2 |     3 |    24 |    22 ||    51
  Dodge: Dodged            |     2 |    78 |    38 |   223 |   236 ||   577
  Block: Other             |       |       |       |       |    27 ||    27
